 Dungeon Crawl Stone Soup version 0.24-a0-312-g16217b4 (webtiles) character file.

Game seed: 15413632741311293907

93 Inarius the Bolt Thrower (level 4, 0/39 HPs)
             Began as a Kobold Hunter on May 15, 2019.
             Slain by a kobold (3 damage)
             ... on level 2 of the Dungeon.
             The game lasted 00:02:48 (1564 turns).

Inarius the Bolt Thrower (Kobold Hunter)            Turns: 1564, Time: 00:02:49

Health: 0/39       AC:  7    Str: 14    XL:     4   Next: 91%
Magic:  4/5        EV: 14    Int: 12    God:
Gold:   75         SH:  0    Dex: 16    Spells: 3/3 levels left

rFire    . . .     SeeInvis .   b - +0 short sword
rCold    . . .     Gourm    .   (shield restricted)
rNeg     . . .     Faith    .   e - +0 ring mail
rPois    +         Spirit   .   (no helmet)
rElec    .         Reflect  .   x - +0 cloak
rCorr    .         Harm     .   y - +0 pair of gloves
MR       .....                  (no boots)
Stlth    ..........             k - amulet of rage
HPRegen  0.13/turn              m - ring of poison resistance
MPRegen  0.09/turn              (no ring)

@: berserking, very quick
A: small, carnivore
a: Evoke Berserk Rage


You were on level 2 of the Dungeon.
You were very full.

You visited 1 branch of the dungeon, and saw 2 of its levels.

You collected 75 gold pieces.

Inventory:

Hand Weapons
 a - a +1 hand crossbow
 b - a +0 short sword (weapon)
Missiles
 d - 19 bolts
Armour
 e - a +0 ring mail (worn)
 x - a +0 cloak (worn)
 y - a +0 pair of gloves (worn)
Jewellery
 k - an amulet of rage (around neck)
 m - a ring of poison resistance (left hand)
Scrolls
 i - a scroll of enchant weapon {unknown}
 j - 3 scrolls of fear {unknown}
 l - 2 scrolls of identify {unknown}
 o - a scroll of teleportation {unknown}
 p - 4 scrolls of enchant armour {unknown}
 u - a scroll of remove curse {unknown}
Potions
 c - a potion of heal wounds {unknown}
 g - a potion of magic {unknown}
 h - 2 potions of curing {unknown}
 n - a potion of flight {unknown}
 q - a potion of lignification {unknown}
 r - a potion of cancellation {unknown}
 t - a potion of ambrosia {unknown}
 v - a potion of berserk rage {unknown}
 w - a potion of haste {unknown}
Comestibles
 f - 4 rations
 s - 3 chunks of flesh


   Skills:
 + Level 2.2 Fighting
 + Level 1.4 Short Blades
 * Level 6.1 Crossbows
 + Level 0.8 Armour
 + Level 3.0 Dodging
 + Level 1.4 Stealth
 * Level 1.3 Evocations


You had 3 spell levels left.
You didn't know any spells.
Your spell library was empty.

Dungeon Overview and Level Annotations

Branches:
Dungeon (2/15)

Altars:


Innate Abilities, Weirdness & Mutations

You are small and have problems with some larger weapons.
You are carnivorous and can eat meat at any time.


Message History

You barely miss the kobold. The kobold barely misses you.
The kobold hits you but does no damage.
You feel sick.
You are no longer poisoned.
A red film seems to cover your vision as you go berserk!
You feel yourself moving faster!
You feel mighty!
You feel a lot less full.
The kobold hits you with a +0 short sword.
* * * LOW HITPOINT WARNING * * *
You puncture the kobold!
You kill the kobold!
You hit the hobgoblin.
The hobgoblin is heavily wounded.
The hobgoblin hits you but does no damage.
You closely miss the hobgoblin.
The hobgoblin is heavily wounded.
You barely miss the hobgoblin.
The hobgoblin is heavily wounded.
The hobgoblin hits you but does no damage.
The kobold hits you.
You die...

### #..?...... ..# #
+........ ..# #.#......#
..# .......####
..#########..#....####
...............g......
.######.###..^K..).###
.######...##.#.##K...#..
.....##...#....g@.......
......#...#..#.###.#....
####..#...#...... # # .
####....#....#..#.
..###...........# #
....######.#....#.#
#.......##.#.#...
........##.#.#.###
##########
##.........<รท....#
#........#


You could see a hobgoblin and a kobold.

Vanquished Creatures
  6 adders (D:2)
  2 worms (D:2)
  2 leopard geckos
  A ball python (D:1)
  4 bats (D:2)
  5 goblins
  4 hobgoblins (D:1)
  4 kobolds
  2 frilled lizards (D:2)
  5 rats
35 creatures vanquished.

Notes
Turn   | Place    | Note
-------+----------+-------------------------------------------
     0 | D:1      | Inarius the Kobold Hunter began the quest for the Orb.
     0 | D:1      | Reached XP level 1. HP: 12/12 MP: 1/1
    59 | D:1      | Reached skill level 5 in Crossbows
   180 | D:1      | Reached XP level 2. HP: 17/17 MP: 2/2
   879 | D:2      | Reached XP level 3. HP: 21/21 MP: 3/3
   974 | D:2      | Reached skill level 6 in Crossbows
  1012 | D:2      | Reached skill level 1 in Evocations
  1012 | D:2      | Reached XP level 4. HP: 15/26 MP: 4/4
  1245 | D:2      | Reached skill level 1 in Short Blades
  1385 | D:2      | Found a faded altar of an unknown god.
  1564 | D:2      | Slain by a kobold

Levels and vault maps discovered:
D:1:      psy_arrival_fountain, layout_basic
D:2:      layout_basic, chequers_ecumenical_altar_island

Skill      XL: |  1  2  3  4 |
---------------+-------------+-----
Crossbows      | 5 6 |  6.1
Evocations     | 1 |  1.3
Short Blades   | 1 |  1.4
Dodging        | 3 |  3.0
Fighting       | |  2.2
Armour         | |  0.8
Stealth        | |  1.4

Action                   |  1- 3 |  4- 6 || total
-------------------------+-------+-------++-------
Melee: Short sword       |    95 |    55 ||   150
 Fire: Hand crossbow     |     1 |    10 ||    11
 Abil: Evoke Berserk Rag |     1 |     1 ||     2
 Stab: Sleeping          |       |     1 ||     1
  Eat: Chunk             |     9 |     2 ||    11
Armor: Ring mail         |    27 |    29 ||    56
Dodge: Dodged            |    70 |    73 ||   143

Table legend:
 A = Non-vault XP
 B = Vault XP
 C = Vault XP percentage of total XP
 D = Non-vault monster count
 E = Vault monster count
 F = Vault count percentage of total count
                 A         B        C        D         E       F
            +---------+---------+-------+---------+---------+-------
      Total |     133 |       0 |   0.0 |      35 |       0 |   0.0
            +---------+---------+-------+---------+---------+-------
        D:1 |      26 |       0 |   0.0 |      15 |       0 |   0.0
        D:2 |     107 |       0 |   0.0 |      20 |       0 |   0.0
            +---------+---------+-------+---------+---------+-------
